 Dungeon Crawl Stone Soup version 0.26.1-11-gd32895ea62 (webtiles) character file.

Game seed: 16730120282142204762

353 Zeld the Cudgeller (level 6, -2/51 HPs)
             Began as a Draconian Gladiator on July 12, 2021.
             Was an Initiate of Qazlal.
             Splashed by a big kobold's acid (11 damage)
             ... on level 4 of the Dungeon.
             The game lasted 00:05:20 (4774 turns).

Zeld the Cudgeller (Draconian Gladiator)            Turns: 4774, Time: 00:05:21

Health: -2/51      AC:  3    Str: 19    XL:     6   Next: 35%
Magic:  6/6        EV: 13    Int:  8    God:    Qazlal [......]
Gold:   201        SH:  0    Dex: 12    Spells: 5/5 levels left

rFire    . . .     SeeInvis .   a - +0 flail
rCold    . . .     Faith    .   (no shield)
rNeg     . . .     Spirit   .   (armour unavailable)
rPois    .         Reflect  .   b - +0 hat
rElec    .         Harm     .   (no cloak)
rCorr    .         Rampage  .   r - +2 pair of gloves
Will     .....                  w - +1 pair of boots
Stlth    ++........             (no amulet)
HPRegen  0.17/turn              (no ring)
MPRegen  0.10/turn              (no ring)

@: corroded
A: unfitting armour, cold-blooded, AC +6
a: Renounce Religion


You were on level 4 of the Dungeon.
You worshipped Qazlal.
Qazlal was noncommittal.
You visited 2 branches of the dungeon, and saw 5 of its levels.

You collected 201 gold pieces.

Inventory:

Hand Weapons
 a - a +0 flail (weapon)
Missiles
 i - 57 stones (quivered)
 z - 13 poisoned darts
Armour
 b - a +0 hat (worn)
 r - a +2 pair of gloves (worn)
 w - a +1 pair of boots (worn)
Jewellery
 s - an uncursed amulet of reflection {unknown}
 x - an uncursed amulet of the acrobat {unknown}
 y - a +4 ring of protection {unknown}
Scrolls
 d - 4 scrolls of teleportation {unknown}
 e - 3 scrolls of remove curse {unknown}
 f - a scroll of blinking {unknown}
 g - 2 scrolls of fear {unknown}
 j - a scroll of immolation {unknown}
 n - 3 scrolls of identify {unknown}
 t - a scroll of random uselessness {unknown}
 v - a scroll of magic mapping {unknown}
Potions
 h - 2 potions of might {unknown}
 k - a potion of mutation {unknown}
 l - 2 potions of cancellation {unknown}
 m - 3 potions of haste {unknown}
 o - a potion of lignification {unknown}
 p - a potion of attraction {unknown}
 q - 4 potions of heal wounds {unknown}
 u - a potion of berserk rage {unknown}


   Skills:
 + Level 3.3 Fighting
 * Level 4.5 Maces & Flails
 * Level 3.6 Throwing
 + Level 3.4 Dodging
 + Level 2.1 Stealth


You had 5 spell levels left.
You didn't know any spells.
Your spell library was empty.

Dungeon Overview and Level Annotations

Branches:
Dungeon (4/15)             Temple (1/1) D:4

Altars:
Ashenzari
Cheibriados
Dithmenos
Elyvilon
Fedhas
Hepliaklqana
Kikubaaqudgha
Makhleb
Nemelex Xobeh
Okawaru
Qazlal
Ru
Sif Muna
Trog
Uskayaw
Vehumet
Wu Jian
The Shining One

Annotations:
D:4 scsoc's ghost, novice HuGl


Innate Abilities, Weirdness & Mutations

Your plain brown scales are hard. (AC +6)
You cannot fit into any form of body armour.
You are cold-blooded and may be slowed by cold attacks.


Message History

a +0 club; 2 poisoned darts You miss the kobold.
The kobold closely misses you.
You sock the big kobold!
The big kobold is heavily wounded.
The big kobold zaps a wand.
The bolt of acid hits you! The acid corrodes you!
You are splashed with acid!
The kobold barely misses you.
You are too injured to fight recklessly!
You are too injured to fight recklessly!
You are too injured to fight recklessly!
You are too injured to fight recklessly!
The kobold completely misses you.
Press: ? - help, v - describe, . - travel
Here: a big kobold, wielding a +0 whip and carrying a wand of acid (8) (heavily wounded)
The floor.
You closely miss the big kobold.
The big kobold is heavily wounded.
The big kobold zaps a wand.
The bolt of acid hits you!
* * * LOW HITPOINT WARNING * * *
The acid corrodes you!
You are splashed with acid!
You die...

#.#######.#.## #.# #.# #....##
#########.## #K#
#####.....#####........... #.#
#.)........##.#.###.##..#. #W#
#.###..<..##....# #.##..#.
#.###.###....(#.....###.##..#.
#...K........K(....(....##....
#####......##K###.#.######.##.
#####..##@# #.#.# #.###
#.....# #.#.. ..# #
#.#######'#### ### # #.#
##...## # ###.# ###.....##
#### ##.#.# #....<...## ##.##
##.†..# #.........####...#
#....#########....'.......
##...# ##_# #...[####....


You could see a big kobold and a kobold.

Vanquished Creatures
  A bullfrog (D:2)
  A bullfrog zombie (D:4)
  A bullfrog skeleton (D:3)
  2 orc priests (D:3)
  A worker ant (D:4)
  5 adders
  A white imp (D:4)
  An adder skeleton (D:4)
  A worm (D:2)
  2 dart slugs
  6 leopard geckos
  4 orcs (D:3)
  A ball python (D:3)
  4 giant cockroaches
  7 goblins
  8 hobgoblins
  3 jackals (D:4)
  A quokka (D:4)
  5 bats
  7 frilled lizards
  10 kobolds
  A leopard gecko skeleton (D:4)
  7 rats
80 creatures vanquished.

Vanquished Creatures (others)
  3 fungi (D:4)
  A plant (D:4)
4 creatures vanquished.

Grand Total: 84 creatures vanquished

Notes
Turn   | Place    | Note
-------+----------+-------------------------------------------
     0 | D:1      | Zeld the Draconian Gladiator began the quest for the Orb.
     0 | D:1      | Reached XP level 1. HP: 17/17 MP: 1/1
   191 | D:1      | Reached XP level 2. HP: 25/25 MP: 2/2
   790 | D:2      | Found a bloodstained altar of Trog.
   790 | D:2      | Found a white marble altar of Elyvilon.
   823 | D:2      | Reached XP level 3. HP: 30/30 MP: 3/3
   999 | D:2      | Found a shadowy altar of Dithmenos.
  1019 | D:2      | Reached skill level 1 in Stealth
  1332 | D:2      | Noticed a bullfrog
  1342 | D:2      | Killed a bullfrog
  1343 | D:2      | Reached XP level 4. HP: 32/37 MP: 4/4
  1873 | D:3      | Found a radiant altar of Vehumet.
  1882 | D:3      | Reached XP level 5. HP: 45/45 MP: 5/5
  1884 | D:3      | Reached skill level 4 in Maces & Flails
  1926 | D:3      | Found a broken altar of Ashenzari.
  1926 | D:3      | Found a stormy altar of Qazlal.
  1926 | D:3      | Found a burning altar of Makhleb.
  1941 | D:3      | Became a worshipper of Qazlal Stormbringer
  3041 | D:4      | Found a shimmering blue altar of Sif Muna.
  3063 | D:4      | Reached XP level 6. HP: 39/51 MP: 6/6
  3679 | D:4      | Reached * piety under Qazlal
  3774 | D:4      | Found a staircase to the Ecumenical Temple.
  3830 | Temple   | Entered the Ecumenical Temple
  4349 | D:4      | Found a runed translucent gate.
  4363 | D:4      | Found a runed translucent gate.
  4364 | D:4      | Noticed scsoc's ghost (novice HuGl)
  4366 | D:4      | Found a runed translucent gate.
  4774 | D:4      | Splashed by a big kobold's acid

Illustrated notes

Levels and vault maps discovered:
D:1:      scummos_arrival_simple_crosswalls, layout_rooms
D:2:      kennysheep_big_flooded_room, layout_basic,
          gammafunk_temple_overflow_elements, lemuel_doored_altar
D:3:      layout_loops_corners, chequers_temple_overflow_statue_of_worship,
          lemuel_coloured_pillars_altar, kennysheep_generic_room_10
D:4:      layout_loops_corners, nicolae_overflow_hidden_temple,
          temple_fountains, gammafunk_ghost_nasty_kobolds, item_on_display_a
Temple:   jpeg_temple_alley_garden

Skill      XL: |  1  2  3  4  5 |
---------------+----------------+-----
Throwing       | 2 3 |  3.6
Stealth        | 1 2 |  2.1
Dodging        | 3 |  3.4
Fighting       | 3 |  3.3
Maces & Flails | 4 |  4.5

Action                   |  1- 3 |  4- 6 || total
-------------------------+-------+-------++-------
Melee: Flail             |    83 |   154 ||   237
       Tailslap          |     8 |    18 ||    26
Throw: Stone             |     4 |       ||     4
       Throwing net      |     1 |     2 ||     3
 Stab: Sleeping          |     1 |     3 ||     4
Armor: Skin              |    14 |    53 ||    67
Dodge: Dodged            |    59 |   123 ||   182
